 Dungeon Crawl Stone Soup version 0.20-a0-556-g892c87b (webtiles) character file.

156 Bronet the Gusty (level 4, -3/49 HPs)
             Began as a Demigod Air Elementalist on Feb 7, 2017.
             Slain by Natasha (4 damage)
             ... on level 3 of the Dungeon.
             The game lasted 00:05:59 (1751 turns).

Bronet the Gusty (Demigod Air Elementalist)         Turns: 1751, Time: 00:06:00

Health: -3/49      AC: 22    Str: 11    XL:     4   Next: 92%
Magic:  2/11       EV:  2    Int: 21    God:
Gold:   162        SH:  0    Dex: 16    Spells: 8/9 levels left

rFire    . . .     SeeInvis .   h - +1 dagger (venom)
rCold    + . .     Gourm    .   (armour currently unavailable)
rNeg     + + +     Faith    .   (no shield)
rPois    +         Spirit   .   (helmet currently unavailable)
rElec    .         Reflect  .   (cloak currently unavailable)
rCorr    .         Harm     .   (gloves currently unavailable)
MR       .....     NoTele   +   (boots currently unavailable)
Stlth    ++........             (no amulet)
Regen    0.2/turn               (no ring)
                                p - ring of protection from cold

@: tree-form
A: high mp 1
a: no special abilities


You were on level 3 of the Dungeon.
You were not hungry.
You were a tree.
You visited 1 branch of the dungeon, and saw 3 of its levels.

You collected 162 gold pieces.

Inventory:

Hand Weapons
 h - a +1 dagger of venom (weapon)
Armour
 a - a +0 robe (melded)
Jewellery
 p - a ring of protection from cold (left branch)
Wands
 s - a wand of lightning (4/15)
Scrolls
 g - 2 scrolls of amnesia
 m - a scroll of teleportation {unknown}
 n - 2 scrolls of identify
Potions
 f - a potion of resistance {unknown}
 i - a potion of ambrosia {unknown}
 k - 3 potions of magic
 o - a potion of berserk rage {unknown}
 q - a potion of lignification
 t - a potion of invisibility {unknown}
 u - 3 potions of flight {unknown}
Books
 b - a book of Air

   Spells                             Type                      Level
   a - Shock                          Conjuration/Air              1
   b - Swiftness                      Charms/Air                   2
   c - Repel Missiles                 Charms/Air                   2
   d - Static Discharge               Conjuration/Air              3
   e - Lightning Bolt                 Conjuration/Air              5
Comestibles
 c - 3 bread rations
 d - 2 fruits
 j - a chunk of flesh


   Skills:
 - Level 1.7 Dodging
 - Level 1.7 Stealth
 + Level 3.0 Spellcasting
 + Level 2.6 Conjurations
 + Level 3.7 Air Magic


You had 8 spell levels left.
You knew the following spells:

 Your Spells              Type           Power        Failure   Level  Hunger
a - Shock                 Conj/Air       ###.         4%          1    None


Dungeon Overview and Level Annotations

Branches:
Dungeon (3/15)

Annotations:
D:3 Natasha


Innate Abilities, Weirdness & Mutations

You have an increased reservoir of magic. (+10% MP)


Message History

You hit Natasha.
Natasha is severely wounded.
Natasha stares at you and mumbles some strange words.
You resist with some effort.
Casting: Shock
Confirm with . or Enter, or press ? or * to list all spells.
Aiming: Shock
Press: ? - help, Shift-Dir - straight line, f/p - Natasha
Aim: Natasha (severely wounded)
The zap misses Natasha.
Natasha closely misses you.
You turn into a tree.
Your +0 robe melds into your body.
Your roots penetrate the ground.
Natasha claws you.
* * * LOW HITPOINT WARNING * * *
You miss Natasha.
Natasha is severely wounded.
Natasha claws you but does no damage.
You barely miss Natasha.
Natasha is severely wounded.
Natasha claws you.
You die...

#####.#######.###.## ##÷. #.....#
#...##..# #.. ##.#####
##.####.########.. #..####
#..####.##........
######.....#####.###...##.#####.#
.........#....##.....###..#####.#
....####..###................##.#
....#####.#....#.............##.#
....##......####♣............##.#
.............[.h.##.#...#.......#
...####........####...#.#.......#
...# #.....(........##.#.......#
...# ##..........#..###.........#
...###.........#...##...........#
......................###...<....
##...##......>...###[...>......#.
#...............####.).........#.


You could see Natasha.

Vanquished Creatures
  A scorpion (D:3)
  Natasha (twice) (D:3)
  2 adders
  7 bats
  5 giant cockroaches
  5 goblins
  3 hobgoblins
  2 quokkas
  2 frilled lizards
  3 kobolds
  4 rats
36 creatures vanquished.

Notes
Turn   | Place    | Note
-------+----------+-------------------------------------------
     0 | D:1      | Bronet the Demigod Air Elementalist began the quest for the Orb.
     0 | D:1      | Reached XP level 1. HP: 14/14 MP: 5/5
    47 | D:1      | Reached skill level 1 in Conjurations
   284 | D:1      | Reached XP level 2. HP: 17/20 MP: 1/7
   825 | D:2      | Found a glowing golden altar of the Shining One.
   884 | D:2      | Reached XP level 3. HP: 24/26 MP: 1/8
  1402 | D:3      | Noticed a scorpion
  1422 | D:3      | Killed a scorpion
  1422 | D:3      | Reached XP level 4. HP: 13/33 MP: 2/10
  1617 | D:3      | Noticed Natasha
  1624 | D:3      | Killed Natasha
  1722 | D:3      | Noticed Natasha
  1729 | D:3      | Killed Natasha
  1735 | D:3      | Noticed Natasha
  1749 | D:3      | HP: 1/49 [Natasha (5)]
  1751 | D:3      | Slain by Natasha

Vault maps used:
D:1:      dpeg_arrival_ternary
D:2:      cheibrodos_helix_gallery, nicolae_tso_carved_into_rock
D:3:      first_bread, uniq_natasha

Skill      XL: |  1  2  3  4 |
---------------+-------------+-----
Conjurations   | 1 2 |  2.6
Spellcasting   | 2 3 |  3.0
Air Magic      | 3 |  3.7
Dodging        | |  1.7
Stealth        | |  1.7

Action                   |  1- 3 |  4- 6 || total
-------------------------+-------+-------++-------
Melee: Dagger            |    27 |    10 ||    37
 Cast: Shock             |    62 |    25 ||    87
  Use: Scroll            |     7 |       ||     7
       Potion            |     1 |     2 ||     3
  Eat: Royal jelly       |       |     1 ||     1
       Chunk             |       |     1 ||     1
Armor: Robe              |     6 |       ||     6
       Skin              |       |     1 ||     1
Dodge: Dodged            |    18 |     4 ||    22
